Demolitions vs Wolves
Created - 9 février 2013 at 18:57
Goals
|
| Demolitions |
2 |
1 |
2 |
5 |
| Wolves |
0 |
1 |
1 |
2 |
|
Shots
|
| Demolitions |
18 |
18 |
18 |
54 |
| Wolves |
11 |
16 |
11 |
38 |
|
1st period
1. Demolitions , Marco Sturm 9 (Brad Richardson) at 2:59 (PP)
2. Demolitions , Nikolai Zherdev 10 (Brad Richardson) at 5:03
Penalties :
Alexander Perezhogin (Min) for Roughing (Minor) at 2:55
2nd period
3. Wolves , Mike Zigomanis 15 (Alexander Perezhogin, Geoff Sanderson) at 3:43
4. Demolitions , Anssi Salmela 1 (Marc-André Bernier, James Sheppard) at 12:45
Penalties :
Chris Neil (Min) for High sticking (Minor) at 10:05, Marc-André Gragnani (Min) for Hooking (Minor) at 19:16
3rd period
5. Demolitions , Brandon Bochenski 15 (Masi Marjamaki, Taylor Chorney) at 9:13
6. Demolitions , Marc-André Bernier 1 (Robert Klinkhammer, James Sheppard) at 15:20
7. Wolves , Geoff Sanderson 20 (Mike Zigomanis, Alexander Perezhogin) at 19:07
Penalties :
Matt Gilroy (Min) for Roughing (Double Minor) at 4:12, Nathan Davis (Min) for Holding (Minor) at 16:07, Nicolas Blanchard (Vic) for Hooking (Minor) at 16:07
Goalie Stats
Antero Niittymaki (Vic), 36 saves from 38 shots - (0,947), W, 9-11-2, 60:00 minutes
Loïc Lacasse (Min), 49 saves from 54 shots - (0,907), L, 5-2-1, 60:00 minutes
Players Stats for Demolitions
Player Name G A P +/- PIM S H SB GA TA FO MP PP MP PK MP
------------------------------------------------------------------------------------
Andy Rogers 0 0 0 0 0 3 0 1 0 0 0/0 18:43 2:18 0:00
Anssi Salmela 1 0 1 2 0 2 1 0 0 0 0/0 5:28 0:57 0:00
Anton Babchuk 0 0 0 0 0 2 0 0 1 0 0/0 18:43 2:18 0:00
Brad Richardson 0 2 2 0 0 0 4 1 1 1 19/37 22:00 4:30 0:00
Brandon Bochenski 1 0 1 0 0 6 0 0 1 0 0/1 13:39 1:05 0:00
Dennis Seidenberg 0 0 0 -1 0 1 1 0 1 3 0/0 26:05 5:43 0:00
James Sheppard 0 2 2 2 0 2 0 1 0 0 2/3 6:36 0:00 0:00
Janne Niskala 0 0 0 -1 0 5 4 3 0 1 0/0 26:05 5:43 0:00
Jeremy Williams 0 0 0 0 0 5 0 1 0 0 1/1 17:45 2:26 0:00
Josh Beaulieu 0 0 0 0 0 0 0 0 0 0 0/0 0:14 0:08 0:00
Kyle Wharton 0 0 0 2 0 0 0 0 0 0 0/0 4:31 0:00 0:00
Marc-André Bernier 1 1 2 2 0 5 1 0 1 1 1/1 7:33 0:57 0:00
Marco Sturm 1 0 1 0 0 3 2 1 0 0 2/3 22:00 4:30 0:00
Masi Marjamaki 0 1 1 0 0 1 0 1 0 0 0/0 12:28 0:00 0:00
Nicolas Blanchard 0 0 0 0 2 3 1 0 0 0 2/7 12:43 0:08 0:00
Nikolai Zherdev 1 0 1 0 0 6 2 0 2 1 3/7 21:31 4:30 0:00
Petr Vrana 0 0 0 0 0 0 1 0 0 0 1/1 16:59 2:26 0:00
Robert Bortuzzo 0 0 0 0 0 0 0 0 0 0 0/0 0:00 0:00 0:00
Robert Klinkhammer 0 1 1 2 0 1 1 0 0 0 0/0 6:36 0:00 0:00
Ryan Craig 0 0 0 0 0 5 2 1 0 0 5/11 16:59 2:26 0:00
Taylor Chorney 0 1 1 1 0 2 0 0 0 0 0/0 10:41 0:00 0:00
Vince Rocco 0 0 0 0 0 0 0 0 0 0 0/0 0:00 0:00 0:00
Vladimir Mihalik 0 0 0 1 0 2 1 1 0 1 0/0 10:41 0:00 0:00
Players Stats for Wolves
Player Name G A P +/- PIM S H SB GA TA FO MP PP MP PK MP
------------------------------------------------------------------------------------
Alexander Perezhogin 0 2 2 -1 2 3 2 0 2 0 0/0 14:41 0:00 0:00
Bruno Gervais 0 0 0 -1 0 0 1 0 0 0 0/0 25:22 0:00 5:33
Chris Neil 0 0 0 -1 2 4 2 1 3 0 6/10 20:56 0:00 3:41
Chris Terry 0 0 0 0 0 0 0 0 0 0 0/0 0:00 0:00 0:00
Cody McLeod 0 0 0 0 0 4 1 0 0 0 0/0 8:02 0:00 0:33
Ethan Moreau 0 0 0 0 0 1 0 1 0 0 2/2 12:59 0:00 1:25
Geoff Paukovich 0 0 0 0 0 0 0 0 0 0 0/0 0:00 0:00 0:00
Geoff Sanderson 1 1 2 -1 0 9 3 1 1 1 3/5 17:46 0:00 1:48
Jonas Junland 0 0 0 1 0 0 1 0 0 0 0/0 9:55 0:00 0:00
Kevin Veilleux 0 0 0 0 0 0 0 0 0 0 0/0 0:00 0:00 0:00
Marc Methot 0 0 0 -2 0 1 1 1 0 0 0/0 18:52 0:00 2:28
Marc-André Gragnani 0 0 0 1 2 1 0 0 0 0 0/0 11:31 0:00 1:36
Mark Fayne 0 0 0 0 0 1 1 0 0 0 0/0 6:22 0:00 0:20
Mark Katic 0 0 0 0 0 0 0 0 0 0 0/0 5:51 0:00 0:00
Matt Gilroy 0 0 0 -2 4 2 0 5 0 1 0/0 17:26 0:00 0:52
Mike Sislo 0 0 0 0 0 0 0 0 0 0 0/0 0:00 0:00 0:00
Mike Zigomanis 1 1 2 0 0 2 3 0 0 0 9/13 15:34 0:00 1:07
Milan Bartovic 0 0 0 -1 0 1 0 1 1 0 0/1 11:31 0:00 0:00
Nate Guenin 0 0 0 -1 0 1 3 1 0 1 0/0 24:51 0:00 5:13
Nathan Davis 0 0 0 0 2 1 1 1 0 0 5/10 12:16 0:00 0:52
Petr Kalus 0 0 0 0 0 1 0 0 0 0 0/2 7:18 0:00 0:00
Rich Peverley 0 0 0 -1 0 1 0 0 1 3 11/28 19:27 0:00 1:48
Stefan Chaput 0 0 0 0 0 0 0 0 0 0 0/0 0:00 0:00 0:00
Tim Crowder 0 0 0 0 0 4 1 0 0 0 0/0 7:18 0:00 0:00
Vyacheslav Kozlov 0 0 0 -1 0 1 2 0 0 1 0/1 21:57 0:00 4:48
3 Stars
1 - Marc-André Bernier (Vic)
2 - Mike Zigomanis (Min)
3 - Geoff Sanderson (Min)
Power Play
Demolitions - 1 on 5 Attempt(s) - 20,00%
Wolves - 0 on 0 Attempt(s) - 0,00%
Penalty Kill
Demolitions - 0 on 0 Attempt(s) - 0,00%
- Score 0 goal in Penalty Kill
Wolves - 4 on 5 Attempt(s) - 80,00%
- Score 0 goal in Penalty Kill
Official
Referees : StLaurent Francois and Kowal Tom
Linesman : Shane Heyer and Tim Nowak
Game Notes
No Game Note
Demolitions
5 vs 5 Forward
Center Left Wing Right Wing Time % Phy DF OF
1 Brad Richardson Marco Sturm Nikolai Zherdev 40 1 2 2
2 Ryan Craig Petr Vrana Jeremy Williams 30 1 2 2
3 Nicolas Blanchard Masi Marjamaki Brandon Bochenski 20 1 2 2
4 James Sheppard Robert Klinkhammer Marc-André Bernier 10 1 2 2
5 vs 5 Defense
Defense Defense Time % Phy DF OF
1 Janne Niskala Dennis Seidenberg 40 1 2 2
2 Andy Rogers Anton Babchuk 30 1 2 2
3 Taylor Chorney Vladimir Mihalik 20 1 2 2
4 Anssi Salmela Kyle Wharton 10 1 2 2
PowerPlay Forward
Center Left Wing Right Wing Time % Phy DF OF
1 Brad Richardson Marco Sturm Nikolai Zherdev 60 1 2 2
2 Ryan Craig Petr Vrana Jeremy Williams 40 1 2 2
PowerPlay Defense
Defense Defense Time % Phy DF OF
1 Janne Niskala Dennis Seidenberg 60 1 2 2
2 Andy Rogers Anton Babchuk 40 1 2 2
Penalty Kill 4 Players Forward
Center Wing Time % Phy DF OF
1 Nikolai Zherdev Jeremy Williams 60 1 2 2
2 Brad Richardson Marco Sturm 40 1 2 2
Penalty Kill 4 Players Defense
Defense Defense Time % Phy DF OF
1 Janne Niskala Dennis Seidenberg 60 1 2 2
2 Andy Rogers Anton Babchuk 40 1 2 2
Penalty Kill - 3 Players Forward
Forward Time % Phy DF OF
1 Nikolai Zherdev 60 1 2 2
2 Jeremy Williams 40 1 2 2
Penalty Kill - 3 Players Defense
Defense Defense Time % Phy DF OF
1 Janne Niskala Dennis Seidenberg 60 1 2 2
2 Andy Rogers Anton Babchuk 40 1 2 2
4 vs 4 Forward
Center Wing Time % Phy DF OF
1 Nikolai Zherdev Jeremy Williams 60 1 2 2
2 Brad Richardson Marco Sturm 40 1 2 2
4 vs 4 Defense
Defense Defense Time % Phy DF OF
1 Janne Niskala Dennis Seidenberg 60 1 2 2
2 Andy Rogers Anton Babchuk 40 1 2 2
Last Minutes Offensive
Center Left Wing Right Wing Defense Defense
Brad Richardson Marco Sturm Nikolai Zherdev Janne Niskala Dennis Seidenberg
Last Minutes Defensive
Center Left Wing Right Wing Defense Defense
Brad Richardson Marco Sturm Nikolai Zherdev Janne Niskala Dennis Seidenberg
Goaltenders
Starting : Antero Niittymaki
Backup : Sergei Bobrovsky
Extra Forwards
Normal : Brandon Bochenski, Marc-André Bernier, Nicolas Blanchard - PP : Brandon Bochenski, Marc-André Bernier - PK : Nicolas Blanchard
Extra Defensemen
Normal : Taylor Chorney, Vladimir Mihalik, Anssi Salmela - PP : Taylor Chorney - PK : Vladimir Mihalik, Anssi Salmela
Penalty Shots
Nikolai Zherdev, Jeremy Williams, Brad Richardson, Marco Sturm, Ryan Craig
Wolves
5 vs 5 Forward
Center Left Wing Right Wing Time % Phy DF OF
1 Rich Peverley Vyacheslav Kozlov Chris Neil 40 1 2 2
2 Mike Zigomanis Geoff Sanderson Alexander Perezhogin 30 1 2 2
3 Nathan Davis Ethan Moreau Milan Bartovic 20 1 2 2
4 Petr Kalus Cody McLeod Tim Crowder 10 1 2 2
5 vs 5 Defense
Defense Defense Time % Phy DF OF
1 Nate Guenin Bruno Gervais 40 1 2 2
2 Matt Gilroy Marc Methot 30 1 2 2
3 Jonas Junland Marc-André Gragnani 20 1 2 2
4 Mark Fayne Mark Katic 10 1 2 2
PowerPlay Forward
Center Left Wing Right Wing Time % Phy DF OF
1 Rich Peverley Vyacheslav Kozlov Chris Neil 60 1 2 2
2 Mike Zigomanis Geoff Sanderson Alexander Perezhogin 40 1 2 2
PowerPlay Defense
Defense Defense Time % Phy DF OF
1 Nate Guenin Bruno Gervais 60 1 2 2
2 Matt Gilroy Marc Methot 40 1 2 2
Penalty Kill 4 Players Forward
Center Wing Time % Phy DF OF
1 Chris Neil Vyacheslav Kozlov 60 1 2 2
2 Geoff Sanderson Rich Peverley 40 1 2 2
Penalty Kill 4 Players Defense
Defense Defense Time % Phy DF OF
1 Nate Guenin Bruno Gervais 60 1 2 2
2 Matt Gilroy Marc Methot 40 1 2 2
Penalty Kill - 3 Players Forward
Forward Time % Phy DF OF
1 Chris Neil 60 1 2 2
2 Vyacheslav Kozlov 40 1 2 2
Penalty Kill - 3 Players Defense
Defense Defense Time % Phy DF OF
1 Nate Guenin Bruno Gervais 60 1 2 2
2 Matt Gilroy Marc Methot 40 1 2 2
4 vs 4 Forward
Center Wing Time % Phy DF OF
1 Chris Neil Vyacheslav Kozlov 60 1 2 2
2 Geoff Sanderson Rich Peverley 40 1 2 2
4 vs 4 Defense
Defense Defense Time % Phy DF OF
1 Nate Guenin Bruno Gervais 60 1 2 2
2 Matt Gilroy Marc Methot 40 1 2 2
Last Minutes Offensive
Center Left Wing Right Wing Defense Defense
Rich Peverley Vyacheslav Kozlov Chris Neil Nate Guenin Bruno Gervais
Last Minutes Defensive
Center Left Wing Right Wing Defense Defense
Rich Peverley Vyacheslav Kozlov Chris Neil Nate Guenin Bruno Gervais
Goaltenders
Starting : Loïc Lacasse
Backup : Julien Ellis
Extra Forwards
Normal : Ethan Moreau, Milan Bartovic, Cody McLeod - PP : Ethan Moreau, Milan Bartovic - PK : Cody McLeod
Extra Defensemen
Normal : Jonas Junland, Marc-André Gragnani, Mark Fayne - PP : Jonas Junland - PK : Marc-André Gragnani, Mark Fayne
Penalty Shots
Chris Neil, Vyacheslav Kozlov, Geoff Sanderson, Rich Peverley, Ethan Moreau
% Time on Ice - Demolitions
Lines # - Real PCT - Wanted PCT - Time Play
Normal Forward
1 - 33% - 40% - 16:23
2 - 29% - 30% - 14:33
3 - 25% - 20% - 12:28
4 - 13% - 10% - 6:36
Normal Defense
1 - 38% - 40% - 19:08
2 - 31% - 30% - 15:40
3 - 21% - 20% - 10:41
4 - 9% - 10% - 4:31
PP Forward
1 - 70% - 60% - 5:35
2 - 30% - 40% - 2:26
PP Defense
1 - 71% - 60% - 5:43
2 - 29% - 40% - 2:18
PK Forward
1 - 0% - 60%
2 - 0% - 40%
PK Defense
1 - 0% - 60%
2 - 0% - 40%
PK3 Forward
1 - 0% - 60%
2 - 0% - 40%
PK3 Defense
1 - 0% - 60%
2 - 0% - 40%
44 Forward
1 - 37% - 60% - 0:44
2 - 63% - 40% - 1:15
44 Defense
1 - 62% - 60% - 1:14
2 - 38% - 40% - 0:45
Last Minute Offensive - 0:00
Last Minute Defensive - 0:00
Total
Forward - 60:00
Defense - 60:00
|
% Time on Ice - Wolves
Lines # - Real PCT - Wanted PCT - Time Play
Normal Forward
1 - 33% - 40% - 16:43
2 - 29% - 30% - 14:43
3 - 23% - 20% - 11:16
4 - 15% - 10% - 7:18
Normal Defense
1 - 37% - 40% - 18:25
2 - 32% - 30% - 15:49
3 - 20% - 20% - 9:55
4 - 12% - 10% - 5:51
PP Forward
1 - 0% - 60%
2 - 0% - 40%
PP Defense
1 - 0% - 60%
2 - 0% - 40%
PK Forward
1 - 78% - 60% - 6:13
2 - 22% - 40% - 1:48
PK Defense
1 - 65% - 60% - 5:13
2 - 35% - 40% - 2:48
PK3 Forward
1 - 0% - 60%
2 - 0% - 40%
PK3 Defense
1 - 0% - 60%
2 - 0% - 40%
44 Forward
1 - 37% - 60% - 0:44
2 - 63% - 40% - 1:15
44 Defense
1 - 61% - 60% - 1:13
2 - 39% - 40% - 0:46
Last Minute Offensive - 0:00
Last Minute Defensive - 0:00
Total
Forward - 60:00
Defense - 60:00
|
Play by Play
1st period
0:01 of 1st period - Marco Sturm wins face-off versus Rich Peverley in neutral zone.
0:04 of 1st period - Snap shot by Nikolai Zherdev.
0:04 of 1st period - Stopped by Loïc Lacasse with a rebound.
0:06 of 1st period - Slapshot by Janne Niskala.
0:06 of 1st period - Stopped by Loïc Lacasse without a rebound.
0:07 of 1st period - Rich Peverley wins face-off versus Marco Sturm in Wolves zone.
0:38 of 1st period - Dennis Seidenberg is hit by Mike Zigomanis.
0:49 of 1st period - Icing by Mike Zigomanis.
0:50 of 1st period - Nicolas Blanchard wins face-off versus Milan Bartovic in Wolves zone.
1:27 of 1st period - Wrist shot by Geoff Sanderson.
1:27 of 1st period - Stopped by Antero Niittymaki without a rebound.
1:28 of 1st period - Chris Neil wins face-off versus Brad Richardson in Demolitions zone.
1:33 of 1st period - Slapshot by Vyacheslav Kozlov.
1:33 of 1st period - Stopped by Antero Niittymaki with a rebound.
1:53 of 1st period - Jeremy Williams is hit by Jonas Junland and loses puck.
2:03 of 1st period - Icing by Ryan Craig.
2:04 of 1st period - Petr Vrana wins face-off versus Mike Zigomanis in Demolitions zone.
2:04 of 1st period - Petr Vrana is hit by Geoff Sanderson.
2:55 of 1st period - Minor Penalty to Alexander Perezhogin for Roughing.
2:56 of 1st period - Brad Richardson wins face-off versus Chris Neil in Wolves zone.
2:59 of 1st period - Snap shot by Marco Sturm.
2:59 of 1st period - Goal by Marco Sturm - Demolitions : 1 - Wolves : 0.
3:00 of 1st period - Brad Richardson wins face-off versus Rich Peverley in neutral zone.
3:32 of 1st period - Slapshot by Dennis Seidenberg.
3:32 of 1st period - Deflect By James Sheppard.
3:32 of 1st period - Shot Misses the Net.
3:32 of 1st period - Puck is out of play.
3:33 of 1st period - Ethan Moreau wins face-off versus James Sheppard in Wolves zone.
3:40 of 1st period - Snap shot by Marc-André Bernier.
3:40 of 1st period - Stopped by Loïc Lacasse with a rebound.
3:42 of 1st period - Slapshot by Andy Rogers.
3:42 of 1st period - Shot Misses the Net.
3:44 of 1st period - Slapshot by Robert Klinkhammer.
3:44 of 1st period - Stopped by Loïc Lacasse with a rebound.
3:46 of 1st period - Slapshot by Anton Babchuk.
3:46 of 1st period - Shot Blocked by Nate Guenin.
4:00 of 1st period - Anton Babchuk is hit by Vyacheslav Kozlov and loses puck.
4:31 of 1st period - Slapshot by Masi Marjamaki.
4:31 of 1st period - Stopped by Loïc Lacasse with a rebound.
4:47 of 1st period - Slapshot by Janne Niskala.
4:47 of 1st period - Stopped by Loïc Lacasse without a rebound.
4:48 of 1st period - Brad Richardson wins face-off versus Rich Peverley in Wolves zone.
5:03 of 1st period - Slapshot by Nikolai Zherdev.
5:03 of 1st period - Goal by Nikolai Zherdev - Demolitions : 2 - Wolves : 0.
5:04 of 1st period - Brad Richardson wins face-off versus Rich Peverley in neutral zone.
5:07 of 1st period - Snap shot by Marco Sturm.
5:07 of 1st period - Shot Blocked by Matt Gilroy.
5:09 of 1st period - Slapshot by Dennis Seidenberg.
5:09 of 1st period - Shot Blocked by Matt Gilroy.
5:23 of 1st period - Rich Peverley is hit by Nikolai Zherdev and loses puck.
6:14 of 1st period - Snap shot by Cody McLeod.
6:14 of 1st period - Shot Blocked by Janne Niskala.
6:16 of 1st period - Snap shot by Cody McLeod.
6:16 of 1st period - Stopped by Antero Niittymaki without a rebound.
6:17 of 1st period - Brad Richardson wins face-off versus Petr Kalus in Demolitions zone.
7:02 of 1st period - Off-side.
7:03 of 1st period - Mike Zigomanis wins face-off versus Nicolas Blanchard in neutral zone.
8:02 of 1st period - Snap shot by Dennis Seidenberg.
8:02 of 1st period - Shot Blocked by Nathan Davis.
8:38 of 1st period - Slapshot by Cody McLeod.
8:38 of 1st period - Deflect By Vladimir Mihalik.
8:38 of 1st period - Shot Misses the Net.
8:38 of 1st period - Puck is out of play.
8:39 of 1st period - Brad Richardson wins face-off versus Petr Kalus in Demolitions zone.
8:49 of 1st period - Slapshot by Brad Richardson.
8:49 of 1st period - Deflect By Marco Sturm.
8:49 of 1st period - Stopped by Loïc Lacasse without a rebound.
8:50 of 1st period - Brad Richardson wins face-off versus Rich Peverley in Wolves zone.
9:05 of 1st period - Wrist shot by Chris Neil.
9:05 of 1st period - Stopped by Antero Niittymaki without a rebound.
9:06 of 1st period - Ethan Moreau wins face-off versus Ryan Craig in Demolitions zone.
9:17 of 1st period - Slapshot by Janne Niskala.
9:17 of 1st period - Shot Blocked by Marc Methot.
9:57 of 1st period - Snap shot by Geoff Sanderson.
9:57 of 1st period - Stopped by Antero Niittymaki with a rebound.
9:59 of 1st period - Snap shot by Alexander Perezhogin.
9:59 of 1st period - Shot Misses the Net.
10:01 of 1st period - Slapshot by Nate Guenin.
10:01 of 1st period - Deflect By Alexander Perezhogin.
10:01 of 1st period - Shot Misses the Net.
10:01 of 1st period - Puck is out of play.
10:02 of 1st period - Rich Peverley wins face-off versus Ryan Craig in Demolitions zone.
10:03 of 1st period - Snap shot by Chris Neil.
10:03 of 1st period - Shot Blocked by Ryan Craig.
10:09 of 1st period - Slapshot by Janne Niskala.
10:09 of 1st period - Stopped by Loïc Lacasse without a rebound.
10:10 of 1st period - Rich Peverley wins face-off versus Ryan Craig in Wolves zone.
10:10 of 1st period - Rich Peverley is hit by Janne Niskala.
10:16 of 1st period - Backhand shot by Chris Neil.
10:16 of 1st period - Stopped by Antero Niittymaki with a rebound.
10:30 of 1st period - Snap shot by Rich Peverley.
10:30 of 1st period - Stopped by Antero Niittymaki with a rebound.
10:52 of 1st period - Slapshot by Janne Niskala.
10:52 of 1st period - Stopped by Loïc Lacasse with a rebound.
10:54 of 1st period - Slapshot by Janne Niskala.
10:54 of 1st period - Shot Misses the Net.
10:56 of 1st period - Wrist shot by Ryan Craig.
10:56 of 1st period - Shot Misses the Net.
11:24 of 1st period - Jeremy Williams is hit by Chris Neil and loses puck.
11:54 of 1st period - Slapshot by Jeremy Williams.
11:54 of 1st period - Stopped by Loïc Lacasse without a rebound.
11:55 of 1st period - Mike Zigomanis wins face-off versus Nikolai Zherdev in Wolves zone.
12:22 of 1st period - Brandon Bochenski is hit by Marc Methot and loses puck.
12:29 of 1st period - Slapshot by Anton Babchuk.
12:29 of 1st period - Deflect By Ethan Moreau.
12:29 of 1st period - Stopped by Loïc Lacasse without a rebound.
12:30 of 1st period - Nathan Davis wins face-off versus Brad Richardson in Wolves zone.
12:35 of 1st period - Snap shot by Ethan Moreau.
12:35 of 1st period - Shot Misses the Net.
12:51 of 1st period - Milan Bartovic is hit by Brad Richardson and loses puck.
13:32 of 1st period - Slapshot by Marc-André Bernier.
13:32 of 1st period - Shot Hit the Post.
13:34 of 1st period - Slapshot by Kyle Wharton.
13:34 of 1st period - Deflect By James Sheppard.
13:34 of 1st period - Shot Misses the Net.
13:34 of 1st period - Puck is out of play.
13:35 of 1st period - Mike Zigomanis wins face-off versus Nikolai Zherdev in Wolves zone.
13:35 of 1st period - Mike Zigomanis is hit by Brad Richardson.
13:45 of 1st period - Wrist shot by Alexander Perezhogin.
13:45 of 1st period - Stopped by Antero Niittymaki with a rebound.
13:47 of 1st period - Slapshot by Matt Gilroy.
13:47 of 1st period - Stopped by Antero Niittymaki with a rebound.
13:49 of 1st period - Slapshot by Alexander Perezhogin.
13:49 of 1st period - Stopped by Antero Niittymaki with a rebound.
13:51 of 1st period - Wrist shot by Alexander Perezhogin.
13:51 of 1st period - Shot Misses the Net.
13:58 of 1st period - Icing by Andy Rogers.
13:59 of 1st period - Brad Richardson wins face-off versus Nathan Davis in Demolitions zone.
14:43 of 1st period - Icing by Matt Gilroy.
14:44 of 1st period - Rich Peverley wins face-off versus Brad Richardson in Wolves zone.
15:09 of 1st period - Nicolas Blanchard is hit by Chris Neil and loses puck.
15:21 of 1st period - Icing by Marc Methot.
15:22 of 1st period - Brad Richardson wins face-off versus Rich Peverley in Wolves zone.
15:27 of 1st period - Wrist shot by Nikolai Zherdev.
15:27 of 1st period - Stopped by Loïc Lacasse with a rebound.
15:33 of 1st period - Brad Richardson is hit by Vyacheslav Kozlov and loses puck.
16:16 of 1st period - Wrist shot by Robert Klinkhammer.
16:16 of 1st period - Deflect By James Sheppard.
16:16 of 1st period - Stopped by Loïc Lacasse with a rebound.
16:44 of 1st period - Snap shot by Brandon Bochenski.
16:44 of 1st period - Stopped by Loïc Lacasse with a rebound.
16:54 of 1st period - Anton Babchuk is hit by Mike Zigomanis and loses puck.
17:01 of 1st period - Slapshot by Alexander Perezhogin.
17:01 of 1st period - Shot Misses the Net.
17:13 of 1st period - Milan Bartovic is hit by Ryan Craig and loses puck.
18:27 of 1st period - Geoff Sanderson is hit by Petr Vrana and loses puck.
19:08 of 1st period - Snap shot by Brandon Bochenski.
19:08 of 1st period - Stopped by Loïc Lacasse without a rebound.
19:09 of 1st period - Mike Zigomanis wins face-off versus Brad Richardson in Wolves zone.
19:14 of 1st period - Slapshot by Geoff Sanderson.
19:14 of 1st period - Stopped by Antero Niittymaki without a rebound.
19:15 of 1st period - Mike Zigomanis wins face-off versus Brad Richardson in Demolitions zone.
19:44 of 1st period - Snap shot by Jeremy Williams.
19:44 of 1st period - Stopped by Loïc Lacasse with a rebound.
2nd period
0:01 of 2nd period - Brad Richardson wins face-off versus Rich Peverley in neutral zone.
0:28 of 2nd period - Slapshot by Janne Niskala.
0:28 of 2nd period - Stopped by Loïc Lacasse without a rebound.
0:29 of 2nd period - Ryan Craig wins face-off versus Mike Zigomanis in Wolves zone.
0:36 of 2nd period - Wrist shot by Jeremy Williams.
0:36 of 2nd period - Stopped by Loïc Lacasse with a rebound.
0:38 of 2nd period - Snap shot by Petr Vrana.
0:38 of 2nd period - Shot Misses the Net.
0:40 of 2nd period - Slapshot by Anton Babchuk.
0:40 of 2nd period - Stopped by Loïc Lacasse with a rebound.
2:56 of 2nd period - Off-side.
2:57 of 2nd period - Geoff Sanderson wins face-off versus Nicolas Blanchard in neutral zone.
3:39 of 2nd period - Slapshot by Geoff Sanderson.
3:39 of 2nd period - Shot Misses the Net.
3:41 of 2nd period - Wrist shot by Alexander Perezhogin.
3:41 of 2nd period - Stopped by Antero Niittymaki with a rebound.
3:43 of 2nd period - Snap shot by Mike Zigomanis.
3:43 of 2nd period - Goal by Mike Zigomanis - Demolitions : 2 - Wolves : 1.
3:44 of 2nd period - Brad Richardson wins face-off versus Rich Peverley in neutral zone.
4:19 of 2nd period - Backhand shot by Jeremy Williams.
4:19 of 2nd period - Shot Misses the Net.
4:21 of 2nd period - Wrist shot by Jeremy Williams.
4:21 of 2nd period - Shot Misses the Net.
4:23 of 2nd period - Slapshot by Andy Rogers.
4:23 of 2nd period - Stopped by Loïc Lacasse without a rebound.
4:24 of 2nd period - Mike Zigomanis wins face-off versus Nicolas Blanchard in Wolves zone.
4:24 of 2nd period - Mike Zigomanis is hit by Dennis Seidenberg.
4:39 of 2nd period - Wrist shot by Geoff Sanderson.
4:39 of 2nd period - Shot Misses the Net.
4:49 of 2nd period - Brandon Bochenski is hit by Nathan Davis and loses puck.
5:32 of 2nd period - Dennis Seidenberg is hit by Geoff Sanderson and loses puck.
5:39 of 2nd period - Slapshot by Alexander Perezhogin.
5:39 of 2nd period - Shot Blocked by Marco Sturm.
5:41 of 2nd period - Slapshot by Geoff Sanderson.
5:41 of 2nd period - Shot Misses the Net.
5:43 of 2nd period - Snap shot by Mike Zigomanis.
5:43 of 2nd period - Shot Blocked by Brad Richardson.
5:59 of 2nd period - Snap shot by Tim Crowder.
5:59 of 2nd period - Stopped by Antero Niittymaki with a rebound.
6:01 of 2nd period - Slapshot by Tim Crowder.
6:01 of 2nd period - Stopped by Antero Niittymaki with a rebound.
6:03 of 2nd period - Slapshot by Mark Fayne.
6:03 of 2nd period - Stopped by Antero Niittymaki without a rebound.
6:04 of 2nd period - Rich Peverley wins face-off versus Ryan Craig in Demolitions zone.
6:37 of 2nd period - Snap shot by Jeremy Williams.
6:37 of 2nd period - Shot Misses the Net.
6:39 of 2nd period - Slapshot by Andy Rogers.
6:39 of 2nd period - Deflect By Jeremy Williams.
6:39 of 2nd period - Stopped by Loïc Lacasse with a rebound.
6:41 of 2nd period - Snap shot by Ryan Craig.
6:41 of 2nd period - Stopped by Loïc Lacasse without a rebound.
6:42 of 2nd period - Rich Peverley wins face-off versus Nicolas Blanchard in Wolves zone.
7:08 of 2nd period - Nate Guenin is hit by Robert Klinkhammer and loses puck.
7:17 of 2nd period - Snap shot by Geoff Sanderson.
7:17 of 2nd period - Stopped by Antero Niittymaki with a rebound.
8:00 of 2nd period - Wrist shot by Jeremy Williams.
8:00 of 2nd period - Stopped by Loïc Lacasse with a rebound.
8:08 of 2nd period - Ryan Craig is hit by Tim Crowder and loses puck.
8:21 of 2nd period - Snap shot by Cody McLeod.
8:21 of 2nd period - Stopped by Antero Niittymaki with a rebound.
8:23 of 2nd period - Snap shot by Tim Crowder.
8:23 of 2nd period - Stopped by Antero Niittymaki with a rebound.
8:37 of 2nd period - Snap shot by Cody McLeod.
8:37 of 2nd period - Stopped by Antero Niittymaki with a rebound.
8:39 of 2nd period - Snap shot by Petr Kalus.
8:39 of 2nd period - Stopped by Antero Niittymaki with a rebound.
8:41 of 2nd period - Snap shot by Cody McLeod.
8:41 of 2nd period - Stopped by Antero Niittymaki with a rebound.
8:43 of 2nd period - Slapshot by Jonas Junland.
8:43 of 2nd period - Shot Misses the Net.
8:57 of 2nd period - Ryan Craig is hit by Cody McLeod.
9:28 of 2nd period - Snap shot by Tim Crowder.
9:28 of 2nd period - Stopped by Antero Niittymaki with a rebound.
9:30 of 2nd period - Slapshot by Marc-André Gragnani.
9:30 of 2nd period - Deflect By Jeremy Williams.
9:30 of 2nd period - Stopped by Antero Niittymaki with a rebound.
9:48 of 2nd period - Snap shot by Tim Crowder.
9:48 of 2nd period - Shot Blocked by Andy Rogers.
9:58 of 2nd period - Wrist shot by Marc-André Gragnani.
9:58 of 2nd period - Deflect By Cody McLeod.
9:58 of 2nd period - Shot Misses the Net.
9:58 of 2nd period - Puck is out of play.
9:59 of 2nd period - Brad Richardson wins face-off versus Rich Peverley in Demolitions zone.
10:05 of 2nd period - Minor Penalty to Chris Neil for High sticking.
10:06 of 2nd period - Mike Zigomanis wins face-off versus Brad Richardson in Wolves zone.
10:13 of 2nd period - Wrist shot by Mike Zigomanis.
10:13 of 2nd period - Shot Misses the Net.
10:19 of 2nd period - Bruno Gervais is hit by Janne Niskala and loses puck.
10:58 of 2nd period - Matt Gilroy is hit by Anssi Salmela and loses puck.
11:21 of 2nd period - Icing by Dennis Seidenberg.
11:22 of 2nd period - Nathan Davis wins face-off versus Brandon Bochenski in Demolitions zone.
12:00 of 2nd period - Ethan Moreau is hit by Nicolas Blanchard and loses puck.
12:05 of 2nd period - Penalty to Chris Neil is over, Chris Neil is back on ice.
12:17 of 2nd period - Wrist shot by Alexander Perezhogin.
12:17 of 2nd period - Shot Blocked by Vladimir Mihalik.
12:39 of 2nd period - Snap shot by Marc-André Bernier.
12:39 of 2nd period - Stopped by Loïc Lacasse without a rebound.
12:40 of 2nd period - James Sheppard wins face-off versus Geoff Sanderson in Wolves zone.
12:41 of 2nd period - Snap shot by Marc-André Bernier.
12:41 of 2nd period - Shot Blocked by Matt Gilroy.
12:43 of 2nd period - Backhand shot by James Sheppard.
12:43 of 2nd period - Deflect By Marc-André Bernier.
12:43 of 2nd period - Stopped by Loïc Lacasse with a rebound.
12:45 of 2nd period - Slapshot by Anssi Salmela.
12:45 of 2nd period - Goal by Anssi Salmela - Demolitions : 3 - Wolves : 1.
12:46 of 2nd period - Nikolai Zherdev wins face-off versus Rich Peverley in neutral zone.
13:16 of 2nd period - Snap shot by Geoff Sanderson.
13:16 of 2nd period - Stopped by Antero Niittymaki without a rebound.
13:17 of 2nd period - Nicolas Blanchard wins face-off versus Mike Zigomanis in Demolitions zone.
13:17 of 2nd period - Nicolas Blanchard is hit by Mike Zigomanis.
13:37 of 2nd period - Wrist shot by Brandon Bochenski.
13:37 of 2nd period - Shot Misses the Net.
13:39 of 2nd period - Slapshot by Taylor Chorney.
13:39 of 2nd period - Shot Misses the Net.
14:08 of 2nd period - Snap shot by Brandon Bochenski.
14:08 of 2nd period - Deflect By Nicolas Blanchard.
14:08 of 2nd period - Stopped by Loïc Lacasse without a rebound.
14:09 of 2nd period - Rich Peverley wins face-off versus Brad Richardson in Wolves zone.
14:37 of 2nd period - Snap shot by Milan Bartovic.
14:37 of 2nd period - Shot Misses the Net.
14:39 of 2nd period - Slapshot by Bruno Gervais.
14:39 of 2nd period - Deflect By Nathan Davis.
14:39 of 2nd period - Shot Misses the Net.
14:39 of 2nd period - Puck is out of play.
14:40 of 2nd period - Ryan Craig wins face-off versus Nathan Davis in Demolitions zone.
15:05 of 2nd period - Rich Peverley is hit by Vladimir Mihalik and loses puck.
15:25 of 2nd period - Dennis Seidenberg is hit by Alexander Perezhogin and loses puck.
15:30 of 2nd period - Snap shot by Brandon Bochenski.
15:30 of 2nd period - Stopped by Loïc Lacasse with a rebound.
15:32 of 2nd period - Slapshot by Andy Rogers.
15:32 of 2nd period - Stopped by Loïc Lacasse with a rebound.
15:34 of 2nd period - Wrist shot by Nicolas Blanchard.
15:34 of 2nd period - Shot Blocked by Geoff Sanderson.
15:36 of 2nd period - Slapshot by Andy Rogers.
15:36 of 2nd period - Stopped by Loïc Lacasse without a rebound.
15:37 of 2nd period - Brad Richardson wins face-off versus Nathan Davis in Wolves zone.
15:40 of 2nd period - Wrist shot by Nikolai Zherdev.
15:40 of 2nd period - Shot Misses the Net.
15:42 of 2nd period - Wrist shot by Marco Sturm.
15:42 of 2nd period - Stopped by Loïc Lacasse without a rebound.
15:43 of 2nd period - Nathan Davis wins face-off versus Brad Richardson in Wolves zone.
16:15 of 2nd period - Snap shot by Chris Neil.
16:15 of 2nd period - Stopped by Antero Niittymaki without a rebound.
16:16 of 2nd period - Jeremy Williams wins face-off versus Rich Peverley in Demolitions zone.
16:23 of 2nd period - Snap shot by Jeremy Williams.
16:23 of 2nd period - Deflect By Ryan Craig.
16:23 of 2nd period - Stopped by Loïc Lacasse with a rebound.
16:26 of 2nd period - Icing by Marc Methot.
16:27 of 2nd period - Brad Richardson wins face-off versus Rich Peverley in Wolves zone.
17:21 of 2nd period - Slapshot by Geoff Sanderson.
17:21 of 2nd period - Shot Misses the Net.
17:36 of 2nd period - Icing by Andy Rogers.
17:37 of 2nd period - Nathan Davis wins face-off versus Brad Richardson in Demolitions zone.
18:09 of 2nd period - Wrist shot by Geoff Sanderson.
18:09 of 2nd period - Stopped by Antero Niittymaki with a rebound.
18:25 of 2nd period - Snap shot by Chris Neil.
18:25 of 2nd period - Shot Blocked by James Sheppard.
18:27 of 2nd period - Slapshot by Vyacheslav Kozlov.
18:27 of 2nd period - Shot Misses the Net.
18:29 of 2nd period - Wrist shot by Chris Neil.
18:29 of 2nd period - Shot Misses the Net.
19:05 of 2nd period - Wrist shot by Nikolai Zherdev.
19:05 of 2nd period - Stopped by Loïc Lacasse with a rebound.
19:16 of 2nd period - Minor Penalty to Marc-André Gragnani for Hooking.
19:17 of 2nd period - Brad Richardson wins face-off versus Chris Neil in Wolves zone.
19:30 of 2nd period - Backhand shot by Nikolai Zherdev.
19:30 of 2nd period - Stopped by Loïc Lacasse without a rebound.
19:31 of 2nd period - Brad Richardson wins face-off versus Chris Neil in Wolves zone.
3rd period
0:01 of 3rd period - Chris Neil wins face-off versus Brad Richardson in neutral zone.
0:04 of 3rd period - Janne Niskala is hit by Nate Guenin and loses puck.
0:10 of 3rd period - Off-side.
0:11 of 3rd period - Brad Richardson wins face-off versus Vyacheslav Kozlov in neutral zone.
0:14 of 3rd period - Bruno Gervais is hit by Marco Sturm and loses puck.
1:16 of 3rd period - Penalty to Marc-André Gragnani is over, Marc-André Gragnani is back on ice.
1:31 of 3rd period - Wrist shot by Marc-André Bernier.
1:31 of 3rd period - Shot Blocked by Milan Bartovic.
1:33 of 3rd period - Wrist shot by Robert Klinkhammer.
1:33 of 3rd period - Shot Misses the Net.
1:45 of 3rd period - Snap shot by Nathan Davis.
1:45 of 3rd period - Shot Blocked by Masi Marjamaki.
1:59 of 3rd period - Snap shot by Brandon Bochenski.
1:59 of 3rd period - Stopped by Loïc Lacasse with a rebound.
2:09 of 3rd period - Slapshot by Marc-André Bernier.
2:09 of 3rd period - Shot Misses the Net.
2:11 of 3rd period - Slapshot by Vladimir Mihalik.
2:11 of 3rd period - Deflect By Ethan Moreau.
2:11 of 3rd period - Stopped by Loïc Lacasse with a rebound.
2:13 of 3rd period - Slapshot by Taylor Chorney.
2:13 of 3rd period - Stopped by Loïc Lacasse without a rebound.
2:14 of 3rd period - James Sheppard wins face-off versus Rich Peverley in Wolves zone.
3:04 of 3rd period - Snap shot by Ryan Craig.
3:04 of 3rd period - Stopped by Loïc Lacasse with a rebound.
3:06 of 3rd period - Slapshot by Andy Rogers.
3:06 of 3rd period - Deflect By Jeremy Williams.
3:06 of 3rd period - Deflect By Nate Guenin.
3:06 of 3rd period - Shot Misses the Net.
3:06 of 3rd period - Puck is out of play.
3:07 of 3rd period - Ryan Craig wins face-off versus Rich Peverley in Wolves zone.
3:18 of 3rd period - Wrist shot by Ryan Craig.
3:18 of 3rd period - Stopped by Loïc Lacasse with a rebound.
3:32 of 3rd period - Nate Guenin is hit by Marco Sturm and loses puck.
3:57 of 3rd period - Snap shot by Ethan Moreau.
3:57 of 3rd period - Shot Blocked by Janne Niskala.
3:59 of 3rd period - Snap shot by Nathan Davis.
3:59 of 3rd period - Stopped by Antero Niittymaki with a rebound.
4:01 of 3rd period - Slapshot by Nate Guenin.
4:01 of 3rd period - Stopped by Antero Niittymaki without a rebound.
4:02 of 3rd period - Rich Peverley wins face-off versus Brad Richardson in Demolitions zone.
4:12 of 3rd period - Double Minor Penalty to Matt Gilroy for Roughing.
4:13 of 3rd period - Chris Neil wins face-off versus Brad Richardson in Wolves zone.
5:02 of 3rd period - Icing by Anton Babchuk.
5:03 of 3rd period - Brad Richardson wins face-off versus Chris Neil in Demolitions zone.
5:07 of 3rd period - Off-side.
5:08 of 3rd period - Chris Neil wins face-off versus Ryan Craig in neutral zone.
5:39 of 3rd period - Slapshot by Dennis Seidenberg.
5:39 of 3rd period - Deflect By Nikolai Zherdev.
5:39 of 3rd period - Stopped by Loïc Lacasse without a rebound.
5:40 of 3rd period - Nikolai Zherdev wins face-off versus Geoff Sanderson in Wolves zone.
6:05 of 3rd period - Geoff Sanderson is hit by Ryan Craig and loses puck.
7:16 of 3rd period - Brad Richardson is hit by Nate Guenin and loses puck.
7:35 of 3rd period - Marc-André Gragnani is hit by Marc-André Bernier and loses puck.
8:06 of 3rd period - Jeremy Williams is hit by Mark Fayne.
8:12 of 3rd period - Penalty to Matt Gilroy is over, Matt Gilroy is back on ice.
8:18 of 3rd period - Wrist shot by Nicolas Blanchard.
8:18 of 3rd period - Stopped by Loïc Lacasse with a rebound.
8:20 of 3rd period - Slapshot by Vladimir Mihalik.
8:20 of 3rd period - Shot Misses the Net.
8:22 of 3rd period - Slapshot by Vladimir Mihalik.
8:22 of 3rd period - Stopped by Loïc Lacasse without a rebound.
8:23 of 3rd period - Geoff Sanderson wins face-off versus Nicolas Blanchard in Wolves zone.
8:42 of 3rd period - Wrist shot by Masi Marjamaki.
8:42 of 3rd period - Shot Blocked by Matt Gilroy.
8:44 of 3rd period - Wrist shot by Brandon Bochenski.
8:44 of 3rd period - Stopped by Loïc Lacasse with a rebound.
8:46 of 3rd period - Snap shot by Brandon Bochenski.
8:46 of 3rd period - Shot Misses the Net.
9:03 of 3rd period - Wrist shot by Brandon Bochenski.
9:03 of 3rd period - Shot Blocked by Matt Gilroy.
9:05 of 3rd period - Wrist shot by Brandon Bochenski.
9:05 of 3rd period - Deflect By Nicolas Blanchard.
9:05 of 3rd period - Stopped by Loïc Lacasse with a rebound.
9:07 of 3rd period - Slapshot by Taylor Chorney.
9:07 of 3rd period - Shot Misses the Net.
9:09 of 3rd period - Slapshot by Taylor Chorney.
9:09 of 3rd period - Stopped by Loïc Lacasse with a rebound.
9:13 of 3rd period - Slapshot by Brandon Bochenski.
9:13 of 3rd period - Goal by Brandon Bochenski - Demolitions : 4 - Wolves : 1.
9:14 of 3rd period - Rich Peverley wins face-off versus Brad Richardson in neutral zone.
9:45 of 3rd period - Icing by Nathan Davis.
9:46 of 3rd period - Ryan Craig wins face-off versus Nathan Davis in Wolves zone.
10:05 of 3rd period - Wrist shot by Milan Bartovic.
10:05 of 3rd period - Stopped by Antero Niittymaki with a rebound.
10:07 of 3rd period - Wrist shot by Ethan Moreau.
10:07 of 3rd period - Stopped by Antero Niittymaki without a rebound.
10:08 of 3rd period - Rich Peverley wins face-off versus Brad Richardson in Demolitions zone.
10:09 of 3rd period - Wrist shot by Vyacheslav Kozlov.
10:09 of 3rd period - Shot Misses the Net.
10:11 of 3rd period - Slapshot by Marc Methot.
10:11 of 3rd period - Shot Blocked by Janne Niskala.
10:13 of 3rd period - Slapshot by Marc Methot.
10:13 of 3rd period - Stopped by Antero Niittymaki with a rebound.
10:15 of 3rd period - Snap shot by Chris Neil.
10:15 of 3rd period - Shot Misses the Net.
10:17 of 3rd period - Slapshot by Matt Gilroy.
10:17 of 3rd period - Stopped by Antero Niittymaki with a rebound.
10:39 of 3rd period - Off-side.
10:40 of 3rd period - Mike Zigomanis wins face-off versus Brad Richardson in neutral zone.
10:47 of 3rd period - Wrist shot by Geoff Sanderson.
10:47 of 3rd period - Stopped by Antero Niittymaki without a rebound.
10:48 of 3rd period - Mike Zigomanis wins face-off versus Brad Richardson in Demolitions zone.
10:53 of 3rd period - Snap shot by Mike Zigomanis.
10:53 of 3rd period - Stopped by Antero Niittymaki without a rebound.
10:54 of 3rd period - Rich Peverley wins face-off versus Brad Richardson in Demolitions zone.
12:49 of 3rd period - Marc-André Gragnani is hit by Janne Niskala.
13:25 of 3rd period - Masi Marjamaki is hit by Alexander Perezhogin and loses puck.
14:11 of 3rd period - Wrist shot by Robert Klinkhammer.
14:11 of 3rd period - Shot Blocked by Ethan Moreau.
14:16 of 3rd period - Off-side.
14:17 of 3rd period - Nikolai Zherdev wins face-off versus Rich Peverley in neutral zone.
14:24 of 3rd period - Wrist shot by Nikolai Zherdev.
14:24 of 3rd period - Shot Misses the Net.
14:26 of 3rd period - Wrist shot by Marco Sturm.
14:26 of 3rd period - Shot Blocked by Chris Neil.
14:28 of 3rd period - Snap shot by Nikolai Zherdev.
14:28 of 3rd period - Shot Misses the Net.
14:38 of 3rd period - Chris Neil is hit by Brad Richardson and loses puck.
15:06 of 3rd period - Icing by Mike Zigomanis.
15:07 of 3rd period - Marc-André Bernier wins face-off versus Mike Zigomanis in Wolves zone.
15:10 of 3rd period - Snap shot by Marc-André Bernier.
15:10 of 3rd period - Stopped by Loïc Lacasse with a rebound.
15:12 of 3rd period - Snap shot by Marc-André Bernier.
15:12 of 3rd period - Shot Misses the Net.
15:14 of 3rd period - Snap shot by Anssi Salmela.
15:14 of 3rd period - Stopped by Loïc Lacasse with a rebound.
15:16 of 3rd period - Slapshot by James Sheppard.
15:16 of 3rd period - Stopped by Loïc Lacasse with a rebound.
15:18 of 3rd period - Wrist shot by Robert Klinkhammer.
15:18 of 3rd period - Shot Misses the Net.
15:20 of 3rd period - Wrist shot by Marc-André Bernier.
15:20 of 3rd period - Goal by Marc-André Bernier - Demolitions : 5 - Wolves : 1.
15:21 of 3rd period - Marco Sturm wins face-off versus Rich Peverley in neutral zone.
15:30 of 3rd period - Brad Richardson is hit by Nate Guenin and loses puck.
15:37 of 3rd period - Slapshot by Rich Peverley.
15:37 of 3rd period - Shot Misses the Net.
15:47 of 3rd period - Petr Vrana is hit by Geoff Sanderson and loses puck.
16:07 of 3rd period - Minor Penalty to Nathan Davis for Holding.
16:07 of 3rd period - Minor Penalty to Nicolas Blanchard for Hooking.
16:08 of 3rd period - Chris Neil wins face-off versus Nikolai Zherdev in Wolves zone.
16:08 of 3rd period - Chris Neil is hit by Nikolai Zherdev.
16:19 of 3rd period - Slapshot by Chris Neil.
16:19 of 3rd period - Stopped by Antero Niittymaki with a rebound.
16:21 of 3rd period - Slapshot by Chris Neil.
16:21 of 3rd period - Shot Misses the Net.
16:52 of 3rd period - Off-side.
16:53 of 3rd period - Geoff Sanderson wins face-off versus Brad Richardson in neutral zone.
17:14 of 3rd period - Rich Peverley is hit by Janne Niskala and loses puck.
17:34 of 3rd period - Andy Rogers is hit by Bruno Gervais and loses puck.
17:43 of 3rd period - Snap shot by Geoff Sanderson.
17:43 of 3rd period - Stopped by Antero Niittymaki with a rebound.
17:49 of 3rd period - Geoff Sanderson is hit by Brad Richardson and loses puck.
17:56 of 3rd period - Snap shot by Marco Sturm.
17:56 of 3rd period - Shot Misses the Net.
17:58 of 3rd period - Slapshot by Dennis Seidenberg.
17:58 of 3rd period - Stopped by Loïc Lacasse without a rebound.
17:59 of 3rd period - Chris Neil wins face-off versus Nikolai Zherdev in Wolves zone.
18:07 of 3rd period - Penalty to Nathan Davis is over, Nathan Davis is back on ice.
18:07 of 3rd period - Penalty to Nicolas Blanchard is over, Nicolas Blanchard is back on ice.
18:08 of 3rd period - Wrist shot by Chris Neil.
18:08 of 3rd period - Deflect By Vyacheslav Kozlov.
18:08 of 3rd period - Shot Blocked by Jeremy Williams.
18:08 of 3rd period - Puck is out of play.
18:09 of 3rd period - Ryan Craig wins face-off versus Nathan Davis in Demolitions zone.
18:16 of 3rd period - Snap shot by Ryan Craig.
18:16 of 3rd period - Stopped by Loïc Lacasse without a rebound.
18:17 of 3rd period - Nathan Davis wins face-off versus Ryan Craig in Wolves zone.
19:07 of 3rd period - Slapshot by Geoff Sanderson.
19:07 of 3rd period - Goal by Geoff Sanderson - Demolitions : 5 - Wolves : 2.
19:08 of 3rd period - Brad Richardson wins face-off versus Rich Peverley in neutral zone.
Output by the SimonT Hockey Simulator (STHS) for François Prévost -- Original Page W3C XHTML 1.0 Valid